 Dungeon Crawl Stone Soup version 0.30-a0-937-ga0a21ad780 (webtiles) character file.

Game seed: 184226572862315293

154 dolemite99 the Chopper (level 5, 0/45 HPs)
             Began as a Hill Orc Monk on Mar 24, 2023.
             Slain by a kobold brigand
             ... wielding a +0 dagger
              (4 damage)
             ... in a sewer.
             The game lasted 00:02:38 (2747 turns).

dolemite99 the Chopper (Hill Orc Monk)              Turns: 2747, Time: 00:02:38

Health: 0/45       AC:  6    Str: 16    XL:     5   Next: 36%
Magic:  5/5        EV: 10    Int: 10    God:
Gold:   117        SH:  0    Dex: 13    Spells: 4/4 levels left

rFire   . . .      SeeInvis +    a - +0 war axe
rCold   + . .      Faith    .    (no shield)
rNeg    . . .      Spirit   .    d - +0 scale mail
rPois   .          Reflect  .    (no helmet)
rElec   .          Rampage  .    (no cloak)
rCorr   .          Rnd*Tele +    (no gloves)
Will    +....                    (no boots) Stlth
                                 (no amulet)
HPRegen 0.00/turn                p - ring of Butchery {Wiz rC+ Will+ SInv}
MPRegen 0.09/turn                (no ring)

@: inhibited regen
A: inhibited regeneration, teleportitis 1
a: no special abilities


You were in a sewer.
You visited 1 branch of the dungeon, and saw 4 of its levels.
You also visited: Sewer.

You collected 117 gold pieces.

Inventory:

Hand Weapons
 a - a +0 war axe (weapon)
 o - a +0 hand axe
Armour
 b - a +0 robe
 d - a +0 scale mail (worn)
Jewellery
 p - the ring of Butchery (left hand) {Wiz rC+ Will+ SInv}
   (You found it on level 2 of the Dungeon)

   [ring of wizardry]

   It improves your spell success rate.
   rC:        It protects you from cold.
   SInv:      It lets you see invisible.
   Will:      It increases your willpower.
 s - a ring of wizardry
Scrolls
 g - a scroll of vulnerability {unknown}
 i - a scroll of enchant weapon {unknown}
 l - a scroll of immolation {unknown}
 m - a scroll of blinking {unknown}
 n - 2 scrolls of identify {unknown}
 r - a scroll of teleportation {unknown}
Potions
 c - a potion of ambrosia
 k - a potion of mutation


   Skills:
 - Level 3.6 Fighting
 + Level 7.8 Axes
 - Level 2.4 Dodging
 - Level 1.5 Stealth


You had 4 spell levels left.
You didn't know any spells.
Your spell library contained the following spells:

 Spells                   Type           Power      Damage    Failure   Level
 Call Canine Familiar     Summ           0%         N/A       83%         3
 Ignite Poison            Fire/Tmut/Pois 0%         N/A       83%         3
 Portal Projectile        Hex/Tloc       0%         N/A       83%         3
 Leda's Liquefaction      Hex/Erth       0%         N/A       99%         4
 Sticky Flame             Conj/Fire      0%         2d3       99%         4
 Ignition                 Fire           0%         3d3       100%        8


Dungeon Overview and Level Annotations

Branches:
Dungeon (4/15)              Sewer (1/1)
 Temple: D:4-7

Altars:


Innate Abilities, Weirdness & Mutations

You do not regenerate when monsters are visible.
You are occasionally teleported next to monsters.


Message History

You hit the kobold brigand but do no damage.
The kobold brigand is moderately wounded.
You hit the kobold brigand.
You kill the kobold brigand!
You hear a splash. x2
The kobold brigand barely misses you.
The kobold throws a stone.
The stone barely misses you.
Your Axes skill increases to level 7!
You have reached level 5!
You feel stronger.
It was a potion of mutation.
You feel extremely strange.
Your regeneration stops near monsters.
You feel weirdly uncertain.
The kobold brigand hits you with a +0 dagger.
* * * LOW HITPOINT WARNING * * *
It was a potion of invisibility.
You fade into invisibility!
The kobold brigand splashes around in the water.
It was a potion of haste.
You feel yourself speed up. The kobold barely misses you.
The kobold brigand hits you but does no damage.
It was a potion of might.
You feel very mighty all of a sudden. The kobold hits you but does no damage.
It was a potion of cancellation.
Your magical effects are unravelling.
You feel magically purged.
You feel yourself slow down.
You flicker back into view.
You feel a little less mighty now. The kobold brigand closely misses you.
You slash the kobold brigand!
The kobold brigand is almost dead.
You hit the kobold.
You kill the kobold!
You hear a splash. x2
The kobold brigand misses you.
You closely miss the kobold brigand.
The kobold brigand is almost dead.
You closely miss the kobold.
The kobold brigand hits you with a +0 dagger.
You die...

. .~ P~~
~~~#################
~~~~~~~~~~~~~~~~~~≈#
≈≈≈≈~≈≈≈≈≈~≈≈≈≈≈~≈≈#
~~~~~~~K~~~~~~~KK~≈#
#####~~########@###
....~~~~~.#.K.[#...#
....~~P~..K..∩)#.∩.#
......P...'K.?.#.∩.#
..........#K...#####
........########
.....##.# ##### ###


You could see a kobold brigand and a kobold.

Vanquished Creatures
  A kobold brigand (Sewer)
  An adder (D:2)
  3 worms (D:2)
  A dart slug (D:1)
  5 ball pythons
  5 bats
  6 endoplasms
  5 giant cockroaches
  6 goblins
  5 hobgoblins
  9 jackals (D:2)
  4 quokkas
  3 frilled lizards
  A kobold (Sewer)
  2 rats
57 creatures vanquished.

Vanquished Creatures (others)
  3 plants
3 creatures vanquished.

Grand Total: 60 creatures vanquished

Notes
Turn   | Place    | Note
-------+----------+-------------------------------------------
     0 | D:1      | dolemite99 the Hill Orc Monk began the quest for the Orb.
     0 | D:1      | Reached XP level 1. HP: 19/19 MP: 1/1
   164 | D:1      | Reached XP level 2. HP: 15/26 MP: 2/2
   337 | D:1      | Reached skill level 5 in Axes
   633 | D:1      | Reached XP level 3. HP: 29/31 MP: 3/3
  1137 | D:2      | Reached skill level 6 in Axes
  1822 | D:2      | Reached XP level 4. HP: 27/39 MP: 4/4
  2156 | D:2      | Identified the ring of Butchery {Wiz rC+ Will+ SInv}
  2648 | D:2      | You fall into a shaft and drop 2 floors!
  2661 | D:3      | Found a glowing drain.
  2683 | Sewer    | Entered a sewer
  2707 | Sewer    | Noticed a kobold brigand
  2707 | Sewer    | Noticed a kobold brigand
  2740 | Sewer    | Killed a kobold brigand
  2741 | Sewer    | Reached skill level 7 in Axes
  2741 | Sewer    | Reached XP level 5. HP: 6/45 MP: 5/5
  2741 | Sewer    | Gained mutation: You do not regenerate when monsters are
                  | visible. [potion of mutation]
  2741 | Sewer    | Gained mutation: You are occasionally teleported next to
                  | monsters. [potion of mutation]
  2747 | Sewer    | Slain by a kobold brigand

Illustrated notes

Levels and vault maps discovered:
D:1:      minmay_arrival_checkered_box, layout_basic, reono_crystal_passage
D:2:      cheibrodos_old_hovel, layout_loops_corners,
          dreamdust_ecumenical_altar_sealed_demon,
          chequers_serial_rivers_large_b
D:3:      layout_rooms, mainiacjoe_overflow_alcove_2,
          cheibrodos_sewer_entry_drain
D:4:      layout_basic, mainiacjoe_overflow_brackets,
          minmay_hollow_rounded_squares, uniq_ijyb, uniq_crazy_yiuf_cottage
Sewer:    kennysheep_pipe_town

Skill      XL: |  1  2  3  4 |
---------------+-------------+-----
Axes           | 5 6 7 |  7.8
Fighting       | |  3.6
Dodging        | |  2.4
Stealth        | |  1.5

Action                     |  1- 3 |  4- 6 || total
---------------------------+-------+-------++-------
  Melee: Hand axe          |   163 |     8 ||   171
         Punch             |     1 |       ||     1
         War axe           |       |    61 ||    61
  Throw: Javelin           |       |     4 ||     4
    Use: Potion            |       |     5 ||     5
 Armour: Scale mail        |    73 |    38 ||   111
  Dodge: Dodged            |    94 |    42 ||   136

Table legend: (Time is in decaauts)
 A = Elapsed time spent in this place.
 B = Non-inter-level travel time spent in this place.
 C = Inter-level travel time spent in this place.
 D = Time resting spent in this place.
 E = Time spent auto-exploring this place.
 F = Levels seen in this place.
 G = Mean time per level.
                   A        B        C        D        E       F      G
               +--------+--------+--------+--------+--------+-----+--------+
         Total |   2806 |   2736 |     70 |   1113 |   1029 |   5 |  561.2 |
       Dungeon |   2726 |   2656 |     70 |   1110 |   1015 |   4 |  681.5 |
         Sewer |     80 |     80 |      0 |      3 |     13 |   1 |   80.0 |
               +--------+--------+--------+--------+--------+-----+--------+

Top non-repeatable levels by time:
     D:1: 1463 daAuts
     D:2: 1224 daAuts
   Sewer: 80 daAuts
     D:3: 27 daAuts
     D:4: 10 daAuts
